 Dungeon Sprint DCSS version 0.23.2-1-ga50397a6bc (webtiles) character file.

Game seed: 12283580332120442516

107 Kobolds4U the Carver (level 4, -3/35 HPs)
             Began as a Demonspawn Berserker on May 21, 2019.
             Was a Follower of Trog.
             Killed from afar by Sigmund (5 damage)
             ... with a puff of flame
             ... in the Dungeon (Sprint I: "Red Sonja").
             The game lasted 00:00:30 (82 turns).

Kobolds4U the Carver (Demonspawn Berserker)           Turns: 82, Time: 00:00:31

Health: -3/35      AC:  5    Str: 17    XL:     4   Next: 57%
Magic:  4/4        EV: 11    Int:  9    God:    Trog [*.....]
Gold:   54         SH:  0    Dex: 13    Spells: 3/3 levels left

rFire    . . .     SeeInvis .   a - +0 falchion
rCold    + . .     Gourm    .   (no shield)
rNeg     . . .     Faith    .   j - +0 ring mail
rPois    .         Spirit   .   (no helmet)
rElec    .         Reflect  .   (no cloak)
rCorr    .         Harm     .   (no gloves)
MR       .....     NoTele   +   (no boots)
Stlth    ..........             (no amulet)
HPRegen  0.11/turn              (no ring)
MPRegen  0.09/turn              (no ring)

@: no status effects
A: hooves 2, cold resistance 1
a: Berserk, Renounce Religion


You were in the Dungeon.
You worshipped Trog.
Trog was aware of your devotion.
You were not hungry.

You visited 1 branch You collected 54 gold pieces.

Inventory:

Hand Weapons
 a - a +0 falchion (weapon)
Armour
 j - a +0 ring mail (worn)
Scrolls
 i - a scroll of blinking
Potions
 d - a potion of curing
 e - a potion of heal wounds
 f - a potion of haste
 g - 2 potions of magic
 h - a potion of berserk rage
Comestibles
 c - a ration


   Skills:
 - Level 3.0 Fighting
 * Level 8.9 Long Blades
 - Level 1.7 Armour
 - Level 1.7 Dodging


You had 3 spell levels left.
You didn't know any spells.
Your spell library was empty.

Dungeon Overview and Level Annotations

Branches:
Dungeon (1/1)

Altars:

Annotations:
D Sigmund


Innate Abilities, Weirdness & Mutations

You have hoof-like feet.
Your flesh is cold resistant. (rC+)


Message History

You barely miss something. You kick something. Something hits you.
You barely miss something. Your kick misses something.
You're still recovering from your berserk rage.
You hit something. Your kick misses something.
You hear some strange, mumbled words.
A magic dart appears from out of thin air!
The magic dart hits you!
You miss something. Your kick misses something. Something hits you!
* * * LOW HITPOINT WARNING * * *
You hit something. You kick something! You miss something.
Something hits you but does no damage.
You barely miss something. You kick something. Something hits you.
* * * LOW HITPOINT WARNING * * *
You hit something but do no damage. Your kick misses something.
You barely miss something.
You recover from your berserk rage.
You hear some strange, mumbled words.
A puff of flame appears from out of thin air!
The puff of flame hits you.
You die...

#############
#<.#.[)..#..+
#..'..#..@{.#
#..#####'####
#..# #..#
#..# ####
#..# #⌠⌠#
####


There were no monsters in sight!

Vanquished Creatures
  An ogre (D)
  Ijyb (D)
2 creatures vanquished.

Notes
Turn   | Place    | Note
-------+----------+-------------------------------------------
     0 | D        | Kobolds4U the Demonspawn Berserker began the quest for the
                  | Orb.
     0 | D        | Reached XP level 1. HP: 18/18 MP: 1/1
     1 | D        | Noticed Ijyb
    13 | D        | Killed Ijyb
    13 | D        | Reached skill level 5 in Long Blades
    13 | D        | Gained mutation: Your flesh is cold resistant. (rC+)
                  | [demonic ancestry]
    13 | D        | Reached XP level 2. HP: 24/24 MP: 2/2
    47 | D        | Noticed an ogre
    52 | D        | Killed an ogre
    52 | D        | Reached skill level 8 in Long Blades
    52 | D        | Gained mutation: You have large cloven feet. [demonic
                  | ancestry]
    52 | D        | Reached XP level 3. HP: 29/29 MP: 3/3
    52 | D        | Gained mutation: You have hoof-like feet. [demonic
                  | ancestry]
    52 | D        | Reached XP level 4. HP: 35/35 MP: 4/4
    62 | D        | Noticed Sigmund
    82 | D        | Killed from afar by Sigmund

Skill      XL: |  1  2 |
---------------+-------+-----
Long Blades    | 5 8 |  8.9
Fighting       | |  3.0
Armour         | |  1.7
Dodging        | |  1.7

Action                   |  1- 3 |  4- 6 || total
-------------------------+-------+-------++-------
Melee: Falchion          |    14 |    19 ||    33
       Kick              |       |     7 ||     7
Invok: Berserk           |     2 |       ||     2
Armor: Animal skin       |     2 |       ||     2
       Ring mail         |       |     1 ||     1
Dodge: Dodged            |     4 |     5 ||     9
       Rpst.: Falchion   |     1 |       ||     1
